Map: Amphion LE

Players

Brenton

  • Race: Terran Terran
  • League: Silver
  • Spawn Location: 11:00

DaoJuRen - Winner!

  • Race: Terran Terran
  • League: Platinum
  • Spawn Location: 7:00

VOD

Have the link to the VOD?

Description

Time

  • Played on: May 6, 2024, 7:05 p.m.
  • Length: 8:25
Show
View Real Time Build Order
Export as new Build Order

Brenton Terran 

Build Orders:  

Get SALT Encoding   

  12  0:00  SCV  
  13  0:12  SCV  
  14  0:21  Supply Depot  
  14  0:24  SCV  
  16  0:42  SCV  
  16  0:47  Barracks  
  16  0:53  Supply Depot  
  16  0:54  SCV  
  17  0:58  Refinery  
  17  1:13  SCV  
  18  1:25  SCV  
  19  1:27  Barracks  
  19  1:42  Orbital Command  
  19  1:45  Barracks Reactor  
  19  2:08  SCV  
  20  2:16  Supply Depot  
  20  2:18  Refinery  
  20  2:19  Barracks Reactor  
  20  2:20  SCV  
  21  2:25  Barracks  
  21  2:29  Marine x2  
  22  2:32  SCV  
  24  2:44  SCV  
  24  2:45  Supply Depot  
  24  2:47  Marine x2  
  27  2:56  SCV, Marine x2  
  30  3:08  SCV  
  31  3:14  Marine x2  
  31  3:16  Supply Depot  
  31  3:19  Barracks Tech Lab  
  33  3:21  SCV  
  33  3:23  Marine x2  
  33  3:24  Engineering Bay  
  36  3:31  Marine  
  36  3:32  Marine  
  36  3:33  SCV  
  39  3:44  Combat Shield  
  39  3:46  Marauder  
  41  3:51  SCV  
  42  3:57  Supply Depot  
  42  4:00  Marine x2  
  44  4:03  SCV  
  44  4:04  Marine  
  44  4:05  Marine  
  44  4:07  Marauder  
  39  4:39  Marine x4  
  43  4:45  Terran Infantry Weapons Level 1  
  43  4:51  Supply Depot  
  43  4:57  Marine x4  
  47  5:06  Stimpack  
  47  5:14  Marine  
  47  5:15  Marine x3  
  50  5:32  Marine x4  
  54  5:39  Command Center  
  53  6:04  Marine x4  
  57  6:14  SCV  
  57  6:17  Supply Depot  
  58  6:22  Marine x4  
  57  6:26  SCV  
  50  6:40  Marine x4  
  54  6:50  Factory  
  54  6:58  Marine x4  
  58  7:11  Factory  
  58  7:14  Barracks  
  58  7:15  Marine  
  58  7:16  Marine x2  
  58  7:21  Marauder  
  63  7:37  Marine  
  63  7:38  Marine x3  
  63  7:42  Marauder  
  69  7:45  Supply Depot  
  69  7:58  Orbital Command  
Show
View Real Time Build Order
Export as new Build Order

DaoJuRen Terran - Winner!

Build Orders: Reaper Expand 

Get SALT Encoding   

  12  0:02  SCV  
  13  0:14  SCV  
  13  0:17  Supply Depot  
  14  0:26  SCV  
  15  0:39  SCV  
  15  0:41  Barracks  
  16  0:45  Refinery  
  16  0:51  SCV  
  17  1:08  SCV  
  18  1:16  Refinery  
  18  1:20  SCV  
  19  1:30  Reaper  
  20  1:41  Command Center  
  20  1:50  Orbital Command  
  20  2:02  Reaper  
  21  2:10  Factory  
  21  2:20  SCV  
  22  2:32  SCV  
  23  2:52  Supply Depot  
  23  2:53  SCV, Reaper  
  23  2:54  Hellion  
  23  2:56  Starport  
  27  2:59  Orbital Command  
  27  3:15  Hellion  
  29  3:24  SCV x2  
  31  3:36  Barracks Reactor, SCV x2  
  31  3:37  Starport Reactor  
  31  3:38  Factory Tech Lab  
  33  3:48  SCV  
  33  3:49  SCV  
  35  4:00  SCV  
  35  4:01  SCV  
  37  4:12  SCV  
  38  4:25  SCV  
  37  4:37  SCV, Marine x2  
  38  4:43  Siege Tank  
  38  4:45  Medivac  
  43  4:46  Medivac  
  43  4:49  Refinery  
  43  4:51  Refinery  
  45  4:54  Barracks  
  45  4:55  SCV  
  45  4:56  Barracks  
  46  5:00  Supply Depot  
  46  5:01  Supply Depot  
  46  5:06  Marine x2  
  48  5:07  SCV  
  49  5:15  Siege Tank  
  49  5:19  SCV  
  53  5:23  Supply Depot  
  53  5:24  Marine x2  
  53  5:25  Supply Depot  
  55  5:42  Marine x2  
  56  5:50  Siege Tank  
  56  5:51  Medivac  
  56  5:52  Medivac  
  56  5:56  Barracks Reactor  
  56  5:57  Barracks Tech Lab  
  63  6:00  SCV, Marine x2  
  63  6:01  SCV  
  67  6:08  Bunker  
  67  6:12  SCV  
  67  6:13  SCV  
  67  6:14  Supply Depot  
  67  6:15  Supply Depot  
  67  6:18  Marine x2  
  71  6:19  Engineering Bay  
  71  6:22  Engineering Bay  
  71  6:24  SCV  
  70  6:36  SCV  
  70  6:38  Marauder  
  70  6:39  Marine x4  
  77  6:47  SCV  
  77  6:48  SCV  
  79  6:56  Marine  
  79  6:57  Marine x3  
  79  6:59  SCV, Marauder  
  79  7:00  SCV  
  87  7:13  Command Center  
  87  7:14  Marine  
  87  7:15  Marine x3  
  91  7:16  Supply Depot x2  
  91  7:20  Marauder  
  91  7:22  Siege Tank  
  96  7:32  Marine  
  96  7:33  Marine x3  
  100  7:50  Marine x4  
  107  8:02  Command Center  
Tags
 
Matchup
TvT
Race
Terran
Spawn Locations
Close Positions
Add a new tag
Caveats
  • Supply blocks, unpowered buildings, or Contaminate may cause inaccurate times.
  • Supply counts are checked every 10 seconds.